 Dungeon Crawl Stone Soup version 0.31.0-32-g396128a36d (webtiles) character file.

Game seed: 15350295387102522071

396 jagang the Slasher (level 6, -5/50 HPs)
             Began as a Human Monk on Mar 19, 2024.
             Slain by an orc
             ... wielding a +1 hand axe of electrocution
              (10 damage)
             ... on level 4 of the Dungeon on Mar 20, 2024.
             The game lasted 00:07:32 (2523 turns).

jagang the Slasher (Human Monk)                     Turns: 2523, Time: 00:07:32

Health: -5/50      AC: 17    Str: 14    XL:     6   Next: 82%
Magic:  0/0        EV:  4    Int: 11    God:
Gold:   173        SH:  0    Dex: 17    Spells: 5/5 levels left

rFire   . . .        a - +0 falchion
rCold   . . .        d - orb {light}
rNeg    . . .        f - +0 plate armour
rPois   .            q - +2 helmet "Duommido" {Will+++ MP-9 Str+3 Slay-3}
rElec   .            m - +0 cloak
rCorr   .            i - +2 pair of gloves
SInv    .            (no boots)
Will    +++..        (no amulet) Stlth
                     (no ring)
HPRegen 0.28/turn    (no ring)
MPRegen 0.07/turn

%: no passive effects
@: glowing
A: explore regen
a: no special abilities


You were on level 4 of the Dungeon.
You visited 1 branch of the dungeon, and saw 4 of its levels.

You collected 173 gold pieces.

Inventory:

Hand Weapons
 a - a +0 falchion (weapon)
 k - a +4 mace
Missiles
 l - a throwing net
Armour
 d - an orb of light (worn)
 f - a +0 plate armour (worn)
 i - a +2 pair of gloves (worn)
 m - a +0 cloak (worn)
 q - the +2 helmet "Duommido" (worn) {Will+++ MP-9 Str+3 Slay-3}
   (You found it on level 2 of the Dungeon)

   Str+3:     It affects your strength (+3).
   Slay-3:    It affects your accuracy & damage with ranged weapons and melee
   (-3).
   Will+++:   It greatly increases your willpower.
   MP-9:      It affects your magic capacity (-9).
Scrolls
 b - 3 scrolls of noise {unknown}
 e - 2 scrolls of fear {unknown}
 g - a scroll of brand weapon {unknown}
 h - a scroll of acquirement {unknown}
 p - 2 scrolls of enchant weapon {unknown}
 v - a scroll of identify {unknown}
 w - a scroll of enchant armour {unknown}
 y - a scroll of fog {unknown}
Potions
 j - 2 potions of attraction {unknown}
 n - a potion of enlightenment {unknown}
 o - 2 potions of curing {unknown}
 s - a potion of lignification {unknown}
 t - a potion of might {unknown}
 u - a potion of heal wounds {unknown}
 x - 2 potions of haste {unknown}
 z - a potion of mutation {unknown}


   Skills:
 + Level 4.8 Fighting
 * Level 6.2 Long Blades
 + Level 1.0 Throwing
 - Level 3.0 Dodging


You had 5 spell levels left.
You didn't know any spells.
Your spell library contained the following spells:

 Spells                   Type           Power      Damage    Failure   Level
 Kiss of Death            Conj/Necr      0%         2d5       100%        1
 Ensorcelled Hibernation  Hex/Ice        0%         N/A       100%        2
 Confusing Touch          Hex            0%         N/A       100%        3
 Fugue of the Fallen      Necr           0%         N/A       100%        3
 Passwall                 Erth           0%         N/A       100%        3
 Swiftness                Air            0%         N/A       100%        3
 Anguish                  Hex/Necr       0%         N/A       100%        4
 Dispel Undead            Necr           0%         3d6       100%        4


Dungeon Overview and Level Annotations

Branches:
Dungeon (4/15)
 Temple: D:4-7

Altars:

Shops:
D:2 :


Innate Abilities, Weirdness & Mutations

You regain HP and MP as you explore.


Message History

An orc priest comes into view. It is wielding a +0 dagger.
The orc priest shouts! x2; You hear an angry hiss.
The orc priest mumbles some strange prayers to Beogh against you.
Beogh smites you!
Found 10 gold pieces.
An adder comes into view.
The orc priest hits you but does no damage.
The orc hits you but does no damage.
You barely miss the orc. The orc priest barely misses you.
The orc hits you but does no damage.
You are electrocuted!
The orc hits you but does no damage.
You barely miss the orc priest.
The orc priest hits you from afar with a +0 trident.
The orc priest mumbles some strange prayers to Beogh against you.
Beogh smites you!
* * * LOW HITPOINT WARNING * * *
The orc hits you but does no damage. x2; You are electrocuted!
* * * LOW HITPOINT WARNING * * *
Okay, then.
You are confused.
You feel invigorated.
The orc priest hits you but does no damage. x2
The orc closely misses you. The orc hits you but does no damage.
You hit the orc but do no damage.
The orc priest hits you from afar with a +0 trident.
* * * LOW HITPOINT WARNING * * *
The orc priest hits you but does no damage.
The orc hits you with a +1 hand axe of electrocution.
* * * LOW HITPOINT WARNING * * *
The orc hits you but does no damage.
You hit the orc.
The orc is lightly wounded.
You feel less invigorated.
You feel less confused. The adder bites you but does no damage.
The orc priest hits you but does no damage.
The orc hits you from afar with a +0 trident.
* * * LOW HITPOINT WARNING * * *
The orc hits you but does no damage.
You are electrocuted!
You die...

...#...... .... ..........##....
................ .....
..............$. ........
............... ........
#......o...... ........ ....###
#$...ooo..... ....... .
......####....@S....... #..... ..
#.....##.........##.... #.... ..
#...............###....###..(.
..##.....#.................#.....
#........###........#.#..........
#.....>^.##)).......####.........
##..........)......###...........
#...)########.#.....##.....###...
#...###≈≈.....#.[...........#....


You could see 2 orc priests, an adder and 2 orcs.

Vanquished Creatures
  Grinder (D:3)
  An iguana (D:4)
  2 orc wizards
  3 adders
  4 dart slugs
  6 orcs
  4 bats
  2 endoplasms
  2 giant cockroaches
  14 goblins
  9 hobgoblins
  5 jackals
  A quokka (D:1)
  9 ball pythons
  5 frilled lizards
  6 kobolds
  6 rats
80 creatures vanquished.

Notes
Turn   | Place    | Note
-------+----------+-------------------------------------------
     0 | D:1      | jagang the Human Monk began the quest for the Orb.
     0 | D:1      | Reached XP level 1. HP: 18/18 MP: 1/1
    88 | D:1      | Reached XP level 2. HP: 19/24 MP: 2/2
   371 | D:1      | Reached XP level 3. HP: 29/29 MP: 3/3
   780 | D:2      | Found Fuicacsa's Book Emporium.
   835 | D:2      | Reached skill level 4 in Long Blades
   863 | D:2      | Identified the +2 helmet "Duommido" {Will+++ MP-9 Str+3
                  | Slay-3}
  1253 | D:3      | Noticed Grinder
  1281 | D:3      | Killed Grinder
  1282 | D:3      | Reached skill level 5 in Long Blades
  1282 | D:3      | Reached XP level 4. HP: 29/38 MP: 0/4
  1282 | D:3      | Reached XP level 5. HP: 33/43 MP: 0/5
  1282 | D:3      | Reached XP level 6. HP: 38/49 MP: 0/6
  2222 | D:4      | Reached skill level 6 in Long Blades
  2491 | D:4      | Reached skill level 1 in Throwing
  2523 | D:4      | Slain by an orc

Illustrated notes

Levels and vault maps discovered:
D:1:      psy_arrival_wood_between_worlds, layout_basic, minmay_crystal_room
D:2:      layout_basic, serial_shops, shop, minmay_octomino_j4
D:3:      layout_basic, uniq_grinder
D:4:      layout_cave_pools, grunt_dithmenos_smoke_and_mirrors,
          minmay_temple_entry_antechambers, minmay_goblin_outpost,
          uniq_crazy_yiuf_cottage

Skill      XL: |  1  2  3  4  5  6 |
---------------+-------------------+-----
Long Blades    | 5 6 |  6.2
Fighting       | 4 |  4.8
Throwing       | 1 |  1.0
Dodging        | |  3.0

Action                     |  1- 3 |  4- 6 || total
---------------------------+-------+-------++-------
  Melee: Falchion          |   112 |   118 ||   230
  Throw: Boomerang         |       |    42 ||    42
    Use: Potion            |       |     1 ||     1
 Armour: Robe              |    22 |       ||    22
         Plate armour      |    72 |   133 ||   205
  Dodge: Dodged            |    30 |    33 ||    63
